Map: Disco Bloodbath LE

Players

Dark - Winner!

  • Race: Zerg Zerg
  • Spawn Location: 9:00

Classic

  • Race: Protoss Protoss
  • Spawn Location: 3:00

Event: 2019 WCS Global FInals

VOD

Have the link to the VOD?

Description

Time

  • Played on: Nov. 1, 2019, 11:07 p.m.
  • Length: 12:08

All games in this series

Show
View Real Time Build Order
Export as new Build Order

Dark Zerg - Winner!

Build Orders: Hatch First 

Get SALT Encoding   

  12  0:00  Drone  
  13  0:13  Overlord  
  13  0:16  Drone  
  14  0:31  Drone x2  
  16  0:48  Hatchery  
  15  0:50  Drone  
  15  0:55  Drone  
  17  1:05  Drone  
  17  1:10  Extractor  
  17  1:16  Drone  
  18  1:19  Spawning Pool  
  18  1:24  Drone  
  18  1:34  Drone  
  19  1:43  Drone  
  20  1:53  Drone, Hatchery  
  20  2:00  Drone  
  21  2:01  Drone  
  21  2:05  Queen  
  24  2:14  Queen  
  26  2:19  Overlord  
  26  2:22  Drone  
  27  2:25  Drone  
  28  2:38  Drone  
  28  2:40  Drone x2  
  28  2:41  Queen  
  33  2:44  Drone  
  33  2:45  Drone  
  33  2:48  Metabolic Boost  
  35  2:54  Zergling x2  
  36  3:04  Queen  
  38  3:05  Overlord  
  38  3:07  Drone x2  
  38  3:09  Drone  
  41  3:17  Zergling x2  
  42  3:20  Overlord  
  42  3:22  Overlord  
  42  3:24  Zergling x6  
  45  3:27  Drone x2  
  45  3:30  Drone  
  48  3:36  Drone  
  48  3:37  Spore Crawler  
  48  3:40  Queen  
  50  3:45  Drone x2  
  50  3:47  Drone  
  53  3:50  Drone x2  
  53  3:54  Drone x2  
  55  3:57  Drone x3  
  55  3:59  Spore Crawler  
  56  4:06  Drone x3  
  56  4:09  Drone x2  
  61  4:15  Drone x4  
  65  4:19  Evolution Chamber  
  65  4:22  Overlord, Drone  
  65  4:25  Extractor  
  65  4:28  Overlord  
  64  4:32  Baneling Nest  
  64  4:36  Overlord  
  63  4:38  Overlord  
  63  4:42  Zergling x4  
  65  4:47  Zergling x4  
  65  4:50  Drone x7  
  73  4:58  Drone x2  
  75  5:02  Drone x3  
  75  5:03  Zerg Melee Weapons Level 1  
  75  5:05  Drone  
  79  5:12  Overlord, Extractor  
  78  5:16  Baneling x5  
  78  5:17  Roach Warren  
  78  5:18  Zergling x10  
  78  5:19  Zergling x2  
  83  5:23  Extractor  
  83  5:24  Zergling x8  
  83  5:25  Zergling x2  
  87  5:29  Baneling x2, Zergling x2  
  87  5:35  Zergling x6  
  90  5:46  Overlord  
  90  5:48  Overlord  
  90  5:49  Lair  
  90  5:53  Extractor  
  90  5:54  Overlord  
  89  5:59  Overlord  
  89  6:01  Overlord  
  89  6:02  Drone  
  90  6:04  Overlord  
  90  6:05  Drone x6  
  90  6:06  Drone  
  97  6:15  Extractor  
  97  6:16  Roach x5  
  106  6:21  Roach x2  
  106  6:24  Baneling x7  
  110  6:26  Zergling x2  
  110  6:31  Baneling x3  
  110  6:32  Zergling x2  
  112  6:34  Roach  
  114  6:40  Roach x4  
  117  6:49  Roach x4  
  117  6:53  Zergling x10  
  124  6:54  Ravager  
  124  6:57  Zergling x2  
  119  7:02  Roach, Queen x2  
  119  7:05  Roach x2  
  123  7:09  Roach x2  
  123  7:10  Roach  
  123  7:13  Roach  
  116  7:18  Roach x2  
  116  7:21  Roach  
  116  7:22  Zergling x2  
  114  7:25  Roach  
  114  7:26  Zergling x2  
  108  7:33  Roach x2  
  108  7:35  Zergling x2  
  107  7:39  Zergling x2  
  107  7:41  Roach  
  108  7:49  Zergling x10  
  111  7:58  Glial Reconstitution  
  109  8:02  Baneling  
  109  8:03  Baneling x4  
  109  8:09  Drone x3  
  112  8:13  Drone  
  112  8:14  Ravager  
  112  8:15  Overlord  
  114  8:20  Zergling x6  
  117  8:31  Zergling x6  
  117  8:43  Centrifical Hooks  
  117  8:45  Overlord  
  117  8:48  Zergling x14  
  124  8:52  Baneling x4  
  124  8:55  Drone x3  
  127  8:56  Zerg Melee Weapons Level 2  
  127  9:01  Overseer, Ravager x2  
  127  9:02  Overlord, Baneling  
  129  9:06  Drone x3  
  129  9:09  Roach  
  132  9:12  Queen  
  132  9:14  Drone x2  
  132  9:16  Drone  
  137  9:29  Hatchery, Zergling x14  
  142  9:35  Ravager x7  
  149  9:39  Zergling x6  
  149  9:44  Baneling x8  
  139  9:54  Roach x3, Zergling x2  
  139  9:55  Zergling x4  
  139  9:57  Roach x2  
  148  10:06  Roach x2  
  125  10:14  Zergling x14  
  125  10:18  Zergling x4  
  132  10:27  Ravager x6  
  138  10:33  Zergling x12  
  135  10:39  Zergling x4  
  133  10:47  Drone x3  
  133  10:49  Drone  
  134  10:51  Ravager x2  
  134  10:52  Baneling x13  
  134  10:53  Drone  
  134  10:54  Drone  
  134  10:55  Zergling x2  
  139  11:01  Zergling x10  
  139  11:03  Baneling x2, Zergling x6  
  143  11:12  Overlord  
  143  11:14  Drone x2  
  144  11:19  Zergling x10  
  144  11:23  Baneling x8  
  144  11:24  Baneling x11, Zergling x4  
  128  11:36  Roach x3  
  133  11:40  Roach x2  
  133  11:41  Zergling x14  
  133  11:46  Roach x2  
  137  11:47  Zergling x2  
  137  11:48  Baneling x11  
Show
View Real Time Build Order
Export as new Build Order

Classic Protoss 

Build Orders: 1 Gate Expand, Oracle Opening, Phoenix Opening 

Get SALT Encoding   

  12  0:00  Probe  
  13  0:12  Probe  
  14  0:17  Pylon  
  14  0:24  Probe (Chrono Boost)  
  15  0:36  Probe (Chrono Boost)  
  15  0:39  Gateway  
  16  0:45  Probe (Chrono Boost)  
  16  0:47  Assimilator  
  17  0:50  Probe  
  18  1:03  Probe  
  19  1:15  Probe  
  20  1:24  Nexus  
  20  1:27  Probe  
  21  1:37  Cybernetics Core  
  21  1:41  Probe  
  21  1:45  Assimilator  
  22  1:54  Pylon  
  22  2:01  Pylon  
  22  2:02  Probe  
  23  2:13  Adept  
  25  2:18  Probe (Chrono Boost)  
  25  2:19  Stargate  
  26  2:29  Warp Gate  
  27  2:30  Probe (Chrono Boost)  
  29  2:38  Probe (Chrono Boost)  
  29  2:39  Probe (Chrono Boost)  
  29  2:43  Adept  
  31  2:46  Probe (Chrono Boost)  
  31  2:47  Probe (Chrono Boost)  
  33  2:55  Probe x2 (Chrono Boost)  
  35  3:00  Oracle (Chrono Boost), Probe (Chrono Boost)  
  35  3:02  Probe  
  40  3:09  Gateway  
  40  3:13  Probe  
  40  3:14  Probe  
  42  3:20  Gateway  
  42  3:26  Pylon, Probe  
  43  3:27  Probe  
  43  3:31  Phoenix  
  46  3:40  Twilight Council  
  46  3:44  Probe x2  
  46  3:45  Adept  
  50  3:52  Pylon  
  50  3:58  Assimilator  
  50  3:59  Probe x2  
  52  4:09  Pylon  
  52  4:11  Resonating Glaives (Chrono Boost)  
  52  4:18  Adept x2  
  52  4:22  Adept  
  52  4:23  Pylon  
  58  4:31  Robotics Facility  
  58  4:46  Adept x3  
  62  4:57  Gateway  
  62  4:59  Gateway  
  60  5:04  Gateway x2  
  60  5:09  Gateway, Adept x3  
  60  5:11  Pylon  
  66  5:17  Warp Prism (Chrono Boost)  
  66  5:18  Pylon  
  68  5:33  Sentry  
  68  5:34  Sentry x2  
  74  5:39  Pylon  
  74  5:50  Pylon  
  74  5:56  Sentry  
  76  6:00  Adept x6  
  88  6:04  Pylon  
  88  6:06  Pylon, Adept  
  90  6:24  Adept x3  
  90  6:25  Adept x4  
  96  6:51  Sentry, Adept x4  
  96  6:52  Adept  
  104  7:00  Adept x2  
  90  7:16  Adept x6  
  90  7:20  Warp Prism (Chrono Boost)  
  66  7:48  Probe  
  66  7:49  Assimilator, Probe  
  47  8:00  Robotics Bay  
  47  8:02  Adept x3  
  47  8:03  Adept x3  
  59  8:06  Adept x2  
  63  8:41  Blink (Chrono Boost)  
  63  8:43  Disruptor (Chrono Boost), Nexus  
  63  8:45  Pylon  
  66  8:54  Adept x6  
  66  8:55  Adept x2  
  82  9:12  Disruptor (Chrono Boost)  
  82  9:13  Probe x2  
  87  9:28  Probe x2  
  89  9:33  Disruptor (Chrono Boost)  
  92  9:43  Stalker x4  
  92  9:44  Stalker  
  90  10:06  Stalker x2  
  87  10:07  Disruptor (Chrono Boost)  
  67  10:14  Adept x2  
  67  10:15  Adept x2  
  67  10:34  Disruptor (Chrono Boost)  
  67  10:40  Adept x4  
  76  11:07  Adept x4  
  76  11:10  Stalker x2  
  88  11:13  Disruptor (Chrono Boost)  
  88  11:33  Stalker, Adept x2  
  92  11:40  Stalker  
  80  11:47  Adept x2  
  59  11:58  Adept  
Tags
 
Add a new tag
Caveats
  • Supply blocks, unpowered buildings, or Contaminate may cause inaccurate times.
  • Supply counts are checked every 10 seconds.